Blackhawks vs Canadiens
(R3)
Created - December 1, 2017 at 19:04
Goals
|
| Blackhawks |
0 |
1 |
1 |
2 |
| Canadiens |
0 |
0 |
4 |
4 |
|
Shots
|
| Blackhawks |
16 |
1 |
5 |
22 |
| Canadiens |
9 |
7 |
16 |
32 |
|
1st period
No Goal
Penalties :
Patrick Sharp (Mon) for Roughing (Minor) at 11:57, Tomas Fleischmann (Chi) for High sticking (Minor) at 18:22, Patrick Kane (Chi) for Tripping (Minor) at 19:40
2nd period
1. Blackhawks , Tyler Kennedy 6 (Ladislav Smid 4) at 6:06
Penalties :
Joe Pavelski (Mon) for Hooking (Minor) at 6:10, Nick Spaling (Mon) for Holding (Minor) at 14:30, Patrick Sharp (Mon) for Hooking (Minor) at 18:29
3rd period
2. Canadiens , Joe Pavelski 10 (Sidney Crosby 15) at 1:48
3. Blackhawks , Jarome Iginla 5 (Tomas Fleischmann 3, Mike Green 13) at 9:40
4. Canadiens , Joe Pavelski 11 (Sidney Crosby 16) at 11:49 (PP)
5. Canadiens , Brett Maclean 4 (Vitaly Vishnevsky 6, Dustin Boyd 8) at 13:21
6. Canadiens , Joe Pavelski 12 (Kurt Sauer 6) at 19:11 (Empty Net)
Penalties :
Antoine Roussel (Chi) for Holding (Minor) at 4:40, Derick Brassard (Chi) for Boarding (Minor) at 11:04, Tomas Fleischmann (Chi) for Holding (Minor) at 14:11, David Jones (Mon) for Tripping (Minor) at 16:30, Antoine Roussel (Chi) for Hooking (Minor) at 16:40
Goalie Stats
Jimmy Howard (Chi), 28 saves from 31 shots - (0.903), L, 4-11-5, 59:42 minutes
Mikael Tellqvist (Mon), 20 saves from 22 shots - (0.909), W, 1-0-0, 60:00 minutes
Players Stats for Blackhawks
Player Name G A P +/- PIM S H SB GA TA FO MP PP MP PK MP
------------------------------------------------------------------------------------
Antoine Roussel 0 0 0 -1 4 4 0 0 0 0 0/0 18:55 4:02 0:54
Chad Larose 0 0 0 0 0 0 2 1 0 0 0/0 9:56 0:16 0:10
Dave Tanabe 0 0 0 0 0 0 0 0 0 1 0/0 12:10 1:10 0:00
Denis Grebeshkov 0 0 0 -1 0 0 1 3 1 0 0/0 18:40 2:33 2:47
Derick Brassard 0 0 0 -1 2 5 1 0 1 0 13/24 22:00 4:06 3:36
Jaden Schwartz 0 0 0 0 0 0 3 0 1 0 0/0 10:05 0:00 1:15
Jarome Iginla 1 0 1 -1 0 6 0 0 2 0 1/3 18:43 3:47 1:48
Joni Pitkanen 0 0 0 -3 0 0 1 0 2 1 0/0 25:18 4:55 5:23
Kevin Marshall 0 0 0 0 0 0 1 0 0 1 0/0 11:31 0:00 0:05
Kyle Brodziak 0 0 0 1 0 0 2 1 0 0 1/2 7:20 0:00 0:30
Ladislav Smid 0 1 1 2 0 1 1 0 0 1 0/0 23:04 2:33 2:47
Mike Green 0 1 1 0 0 1 1 1 1 1 0/0 29:17 5:01 5:18
Patrick Kane 0 0 0 -1 2 1 1 0 2 0 3/8 22:10 4:06 3:31
Peter Regin 0 0 0 -1 0 0 2 0 0 0 7/11 16:06 3:47 0:00
Ryan Johansen 0 0 0 0 0 1 0 0 0 0 5/9 12:56 0:00 3:39
Taylor Pyatt 0 0 0 1 0 2 0 0 1 0 0/1 7:37 0:13 0:01
Tomas Fleischmann 0 1 1 -1 4 0 2 0 0 0 1/1 16:27 3:47 0:14
Tyler Kennedy 1 0 1 1 0 1 1 0 1 0 0/0 6:59 0:13 0:00
Players Stats for Canadiens
Player Name G A P +/- PIM S H SB GA TA FO MP PP MP PK MP
------------------------------------------------------------------------------------
Andrew Ebbett 0 0 0 0 0 1 0 0 0 0 1/3 10:54 0:00 2:39
Brett Maclean 1 0 1 0 0 2 1 0 0 1 0/0 9:09 0:00 0:13
David Jones 0 0 0 0 2 0 4 3 0 0 1/1 13:24 0:10 2:25
Dennis Wideman 0 0 0 -1 0 2 0 0 0 1 0/0 18:35 5:39 0:00
Dustin Boyd 0 1 1 0 0 2 1 0 1 0 2/4 10:16 0:10 0:00
Evgeny Dadonov 0 0 0 0 0 1 0 0 0 1 0/0 6:31 0:00 0:00
Greg Stewart 0 0 0 1 0 3 1 1 0 0 1/3 21:58 4:00 4:50
Jason Spezza 0 0 0 0 0 3 2 1 0 0 5/17 19:35 3:50 4:00
Jiri Tlusty 0 0 0 -1 0 2 0 0 1 0 0/0 14:43 3:50 0:00
Joe Pavelski 3 0 3 2 2 6 1 0 0 1 1/4 18:15 4:10 0:00
Kurt Sauer 0 1 1 0 0 0 2 2 1 1 0/0 20:19 0:10 4:11
Luke Schenn 0 0 0 0 0 2 1 1 1 2 0/0 22:19 2:21 3:55
Maxim Kondratiev 0 0 0 -1 0 2 2 2 0 2 0/0 19:14 0:00 3:21
Nick Spaling 0 0 0 0 2 0 0 1 0 0 0/0 7:02 0:00 0:00
Patrick Sharp 0 0 0 0 4 3 3 0 1 1 0/0 18:14 4:10 0:35
Sidney Crosby 0 2 2 1 0 1 3 0 0 1 17/27 19:59 4:10 1:30
Vitaly Vishnevsky 0 1 1 2 0 2 2 0 0 1 0/0 19:15 5:39 0:50
Wes O'Neill 0 0 0 2 0 0 1 0 0 0 0/0 20:18 2:31 3:55
3 Stars
1 - Joe Pavelski (Mon)
2 - Sidney Crosby (Mon)
3 - Tyler Kennedy (Chi)
Power Play
Blackhawks - 0 on 5 Attempt(s) - 0.00%
Canadiens - 1 on 6 Attempt(s) - 16.67%
Penalty Kill
Blackhawks - 5 on 6 Attempt(s) - 83.33%
- Score 0 goal in Penalty Kill
Canadiens - 5 on 5 Attempt(s) - 100.00%
- Score 0 goal in Penalty Kill
Team Stat
Blackhawks - Hits : 19 - Faceoff Wins : 31 - Blocked Shots : 6 - Penalty Minutes : 12
Canadiens - Hits : 24 - Faceoff Wins : 28 - Blocked Shots : 11 - Penalty Minutes : 10
Official
Referees : Pollock Kevin and L'Ecuyer Frederick
Linesman : Scott Cherrey and Greg Devorski
Game Notes
Joe Pavelski has scored a Hat Trick!
Joe Pavelski has scored in a empty net!
Luke Schenn is injured at 19:13 of 3rd period (Torso)
Finance
Level 1 -- Attendance: 5963 (99.38%) -- Ticket Income $524,744
Level 2 -- Attendance: 4761 (95.22%) -- Ticket Income $261,855
Level 3 -- Attendance: 2000 (100.00%) -- Ticket Income $72,000
Level 4 -- Attendance: 3880 (97.00%) -- Ticket Income $104,760
Luxury Box -- Attendance: 1000 (100.00%) -- Ticket Income $155,000
Game was played at the Centre Bell.
Total Attendance: 17604 (97.80%)
Total Ticket Income: $1,118,359
Other Income: $167,754
Total Income: $1,286,113
Blackhawks
5 vs 5 Forward
Center Left Wing Right Wing Time % Phy DF OF
1 Derick Brassard Antoine Roussel Patrick Kane 40 1 2 2
2 Peter Regin Tomas Fleischmann Jarome Iginla 30 1 2 2
3 Ryan Johansen Jaden Schwartz Chad Larose 20 1 2 2
4 Kyle Brodziak Taylor Pyatt Tyler Kennedy 10 1 2 2
5 vs 5 Defense
Defense Defense Time % Phy DF OF
1 Mike Green Ladislav Smid 40 1 2 2
2 Denis Grebeshkov Joni Pitkanen 30 1 2 2
3 Dave Tanabe Kevin Marshall 20 1 2 2
4 Mike Green Joni Pitkanen 10 1 2 2
PowerPlay Forward
Center Left Wing Right Wing Time % Phy DF OF
1 Derick Brassard Antoine Roussel Patrick Kane 60 1 2 2
2 Peter Regin Tomas Fleischmann Jarome Iginla 40 1 2 2
PowerPlay Defense
Defense Defense Time % Phy DF OF
1 Mike Green Joni Pitkanen 60 1 2 2
2 Denis Grebeshkov Ladislav Smid 40 1 2 2
Penalty Kill 4 Players Forward
Center Wing Time % Phy DF OF
1 Patrick Kane Derick Brassard 60 1 2 2
2 Jarome Iginla Antoine Roussel 40 1 2 2
Penalty Kill 4 Players Defense
Defense Defense Time % Phy DF OF
1 Mike Green Joni Pitkanen 60 1 2 2
2 Denis Grebeshkov Ladislav Smid 40 1 2 2
Penalty Kill - 3 Players Forward
Forward Time % Phy DF OF
1 Patrick Kane 60 1 2 2
2 Derick Brassard 40 1 2 2
Penalty Kill - 3 Players Defense
Defense Defense Time % Phy DF OF
1 Mike Green Joni Pitkanen 60 1 2 2
2 Denis Grebeshkov Ladislav Smid 40 1 2 2
4 vs 4 Forward
Center Wing Time % Phy DF OF
1 Patrick Kane Derick Brassard 60 1 2 2
2 Jarome Iginla Antoine Roussel 40 1 2 2
4 vs 4 Defense
Defense Defense Time % Phy DF OF
1 Mike Green Joni Pitkanen 60 1 2 2
2 Denis Grebeshkov Ladislav Smid 40 1 2 2
Last Minutes Offensive
Center Left Wing Right Wing Defense Defense
Derick Brassard Antoine Roussel Patrick Kane Mike Green Joni Pitkanen
Last Minutes Defensive
Center Left Wing Right Wing Defense Defense
Derick Brassard Antoine Roussel Patrick Kane Mike Green Joni Pitkanen
Goaltenders
Starting : Jimmy Howard
Backup : Al Montoya
Extra Forwards
Normal : Chad Larose, Taylor Pyatt, Ryan Johansen - PP : Chad Larose, Taylor Pyatt - PK : Ryan Johansen
Extra Defensemen
Normal : Dave Tanabe, Kevin Marshall, Denis Grebeshkov - PP : Dave Tanabe - PK : Kevin Marshall, Denis Grebeshkov
Penalty Shots
Patrick Kane, Derick Brassard, Jarome Iginla, Antoine Roussel, Peter Regin
Scratches
None
Canadiens
5 vs 5 Forward
Center Left Wing Right Wing Time % Phy DF OF
1 Sidney Crosby Greg Stewart Joe Pavelski 40 1 2 2
2 Jason Spezza Patrick Sharp Jiri Tlusty 30 1 2 2
3 Dustin Boyd Brett Maclean David Jones 20 1 2 2
4 Andrew Ebbett Nick Spaling Evgeny Dadonov 10 1 2 2
5 vs 5 Defense
Defense Defense Time % Phy DF OF
1 Luke Schenn Kurt Sauer 40 1 2 2
2 Dennis Wideman Maxim Kondratiev 30 1 2 2
3 Wes O'Neill Vitaly Vishnevsky 20 1 2 2
4 Vitaly Vishnevsky Luke Schenn 10 1 2 2
PowerPlay Forward
Center Left Wing Right Wing Time % Phy DF OF
1 Sidney Crosby Patrick Sharp Joe Pavelski 60 1 2 2
2 Jason Spezza Greg Stewart Jiri Tlusty 40 1 2 2
PowerPlay Defense
Defense Defense Time % Phy DF OF
1 Dennis Wideman Vitaly Vishnevsky 60 1 2 2
2 Wes O'Neill Luke Schenn 40 1 2 2
Penalty Kill 4 Players Forward
Center Wing Time % Phy DF OF
1 Jason Spezza Greg Stewart 60 1 2 2
2 Andrew Ebbett David Jones 40 1 2 2
Penalty Kill 4 Players Defense
Defense Defense Time % Phy DF OF
1 Kurt Sauer Maxim Kondratiev 60 1 2 2
2 Wes O'Neill Luke Schenn 40 1 2 2
Penalty Kill - 3 Players Forward
Forward Time % Phy DF OF
1 Jason Spezza 60 1 2 2
2 Andrew Ebbett 40 1 2 2
Penalty Kill - 3 Players Defense
Defense Defense Time % Phy DF OF
1 Kurt Sauer Maxim Kondratiev 60 1 2 2
2 Wes O'Neill Luke Schenn 40 1 2 2
4 vs 4 Forward
Center Wing Time % Phy DF OF
1 Sidney Crosby Patrick Sharp 60 1 2 2
2 Jason Spezza Joe Pavelski 40 1 2 2
4 vs 4 Defense
Defense Defense Time % Phy DF OF
1 Vitaly Vishnevsky Luke Schenn 60 1 2 2
2 Wes O'Neill Kurt Sauer 40 1 2 2
Last Minutes Offensive
Center Left Wing Right Wing Defense Defense
Sidney Crosby Patrick Sharp Joe Pavelski Dennis Wideman Vitaly Vishnevsky
Last Minutes Defensive
Center Left Wing Right Wing Defense Defense
Jason Spezza Patrick Sharp Joe Pavelski Kurt Sauer Luke Schenn
Goaltenders
Starting : Mikael Tellqvist
Backup : Jonathan Bernier
Extra Forwards
Normal : Dustin Boyd, Greg Stewart, Evgeny Dadonov - PP : Nick Spaling, Brett Maclean - PK : Sidney Crosby
Extra Defensemen
Normal : Maxim Kondratiev, Vitaly Vishnevsky, Wes O'Neill - PP : Kurt Sauer - PK : Dennis Wideman, Vitaly Vishnevsky
Penalty Shots
Sidney Crosby, Joe Pavelski, Patrick Sharp, Dustin Boyd, Andrew Ebbett
Scratches
None
% Time on Ice - Blackhawks
Lines # - Real PCT - Wanted PCT - Time Play
Normal Forward
1 - 33% - 40% - 13:35
2 - 30% - 30% - 12:38
3 - 21% - 20% - 8:40
4 - 16% - 10% - 6:40
Normal Defense
1 - 41% - 40% - 16:56
2 - 28% - 30% - 11:43
3 - 26% - 20% - 10:50
4 - 5% - 10% - 2:04
PP Forward
1 - 53% - 60% - 4:19
2 - 47% - 40% - 3:47
PP Defense
1 - 69% - 60% - 5:33
2 - 31% - 40% - 2:33
PK Forward
1 - 76% - 60% - 5:41
2 - 24% - 40% - 1:48
PK Defense
1 - 63% - 60% - 4:42
2 - 37% - 40% - 2:47
PK3 Forward
1 - 100% - 60% - 0:41
2 - 0% - 40% - 0:00
PK3 Defense
1 - 100% - 60% - 0:41
2 - 0% - 40% - 0:00
44 Forward
1 - 72% - 60% - 1:19
2 - 28% - 40% - 0:30
44 Defense
1 - 61% - 60% - 1:07
2 - 39% - 40% - 0:42
Last Minute Offensive - 0:22
Last Minute Defensive - 0:00
Total
Forward - 60:00
Defense - 60:00
|
% Time on Ice - Canadiens
Lines # - Real PCT - Wanted PCT - Time Play
Normal Forward
1 - 32% - 40% - 13:29
2 - 30% - 30% - 12:37
3 - 22% - 20% - 8:56
4 - 16% - 10% - 6:31
Normal Defense
1 - 35% - 40% - 14:41
2 - 38% - 30% - 15:36
3 - 21% - 20% - 8:32
4 - 7% - 10% - 2:44
PP Forward
1 - 53% - 60% - 4:20
2 - 47% - 40% - 3:50
PP Defense
1 - 69% - 60% - 5:39
2 - 31% - 40% - 2:31
PK Forward
1 - 70% - 60% - 5:41
2 - 30% - 40% - 2:25
PK Defense
1 - 52% - 60% - 4:11
2 - 48% - 40% - 3:55
PK3 Forward
1 - 0% - 60%
2 - 0% - 40%
PK3 Defense
1 - 0% - 60%
2 - 0% - 40%
44 Forward
1 - 77% - 60% - 1:24
2 - 23% - 40% - 0:25
44 Defense
1 - 47% - 60% - 0:51
2 - 53% - 40% - 0:58
Last Minute Offensive - 0:00
Last Minute Defensive - 0:22
Total
Forward - 60:00
Defense - 60:00
|
Play by Play
1st period
0:01 of 1st period - Derick Brassard wins face-off versus Joe Pavelski in neutral zone.
0:54 of 1st period - Snap shot by Evgeny Dadonov.
0:54 of 1st period - Shot Blocked by Denis Grebeshkov.
0:56 of 1st period - Slapshot by Dennis Wideman.
0:56 of 1st period - Stopped by Jimmy Howard without a rebound.
0:57 of 1st period - Dustin Boyd wins face-off versus Taylor Pyatt in Blackhawks zone.
1:06 of 1st period - Wrist shot by Dustin Boyd.
1:06 of 1st period - Shot Misses the Net.
2:54 of 1st period - Icing by Luke Schenn.
2:55 of 1st period - Derick Brassard wins face-off versus Sidney Crosby in Canadiens zone.
3:06 of 1st period - Icing by Mike Green.
3:07 of 1st period - Jason Spezza wins face-off versus Derick Brassard in Blackhawks zone.
4:05 of 1st period - Wrist shot by Jaden Schwartz.
4:05 of 1st period - Shot Blocked by Luke Schenn.
4:25 of 1st period - Wrist shot by Taylor Pyatt.
4:25 of 1st period - Stopped by Mikael Tellqvist with a rebound.
4:43 of 1st period - Antoine Roussel is hit by Patrick Sharp and loses puck.
5:04 of 1st period - Slapshot by Jarome Iginla.
5:04 of 1st period - Shot Blocked by Maxim Kondratiev.
5:06 of 1st period - Snap shot by Jarome Iginla.
5:06 of 1st period - Stopped by Mikael Tellqvist with a rebound.
6:54 of 1st period - Snap shot by Dustin Boyd.
6:54 of 1st period - Shot Misses the Net.
6:56 of 1st period - Slapshot by Maxim Kondratiev.
6:56 of 1st period - Stopped by Jimmy Howard with a rebound.
7:21 of 1st period - Ladislav Smid is hit by Vitaly Vishnevsky and loses puck.
7:38 of 1st period - Snap shot by Derick Brassard.
7:38 of 1st period - Stopped by Mikael Tellqvist with a rebound.
8:08 of 1st period - Snap shot by Joe Pavelski.
8:08 of 1st period - Shot Blocked by Kyle Brodziak.
8:10 of 1st period - Snap shot by Sidney Crosby.
8:10 of 1st period - Shot Misses the Net.
8:22 of 1st period - Snap shot by Taylor Pyatt.
8:22 of 1st period - Stopped by Mikael Tellqvist without a rebound.
8:23 of 1st period - Ryan Johansen wins face-off versus Dustin Boyd in Canadiens zone.
8:30 of 1st period - Wrist shot by Joni Pitkanen.
8:30 of 1st period - Shot Blocked by Kurt Sauer.
8:57 of 1st period - Antoine Roussel is hit by Joe Pavelski and loses puck.
9:28 of 1st period - Kurt Sauer is hit by Kyle Brodziak and loses puck.
10:39 of 1st period - Snap shot by Peter Regin.
10:39 of 1st period - Deflect By Jarome Iginla.
10:39 of 1st period - Stopped by Mikael Tellqvist without a rebound.
10:40 of 1st period - Peter Regin wins face-off versus Jason Spezza in Canadiens zone.
10:41 of 1st period - Snap shot by Jarome Iginla.
10:41 of 1st period - Stopped by Mikael Tellqvist with a rebound.
10:49 of 1st period - Wrist shot by Dennis Wideman.
10:49 of 1st period - Deflect By Jason Spezza.
10:49 of 1st period - Stopped by Jimmy Howard with a rebound.
11:20 of 1st period - Ladislav Smid is hit by Patrick Sharp and loses puck.
11:36 of 1st period - Slapshot by Patrick Sharp.
11:36 of 1st period - Stopped by Jimmy Howard with a rebound.
11:57 of 1st period - Minor Penalty to Patrick Sharp for Roughing.
11:58 of 1st period - Sidney Crosby wins face-off versus Derick Brassard in Canadiens zone.
12:44 of 1st period - Slapshot by Patrick Kane.
12:44 of 1st period - Shot Misses the Net.
12:46 of 1st period - Slapshot by Mike Green.
12:46 of 1st period - Stopped by Mikael Tellqvist without a rebound.
12:47 of 1st period - Peter Regin wins face-off versus Jason Spezza in Canadiens zone.
13:57 of 1st period - Penalty to Patrick Sharp is over, Patrick Sharp is back on ice.
14:27 of 1st period - Ladislav Smid is hit by Greg Stewart and loses puck.
14:50 of 1st period - Ryan Johansen is hit by David Jones and loses puck.
14:55 of 1st period - Slapshot by Dustin Boyd.
14:55 of 1st period - Shot Misses the Net.
15:07 of 1st period - Slapshot by Jason Spezza.
15:07 of 1st period - Shot Blocked by Chad Larose.
15:09 of 1st period - Slapshot by Jiri Tlusty.
15:09 of 1st period - Stopped by Jimmy Howard without a rebound.
15:10 of 1st period - Derick Brassard wins face-off versus Jason Spezza in Blackhawks zone.
15:21 of 1st period - Slapshot by Derick Brassard.
15:21 of 1st period - Stopped by Mikael Tellqvist with a rebound.
15:25 of 1st period - Snap shot by Patrick Kane.
15:25 of 1st period - Deflect By Antoine Roussel.
15:25 of 1st period - Stopped by Mikael Tellqvist with a rebound.
15:27 of 1st period - Snap shot by Derick Brassard.
15:27 of 1st period - Stopped by Mikael Tellqvist with a rebound.
15:35 of 1st period - Snap shot by Patrick Sharp.
15:35 of 1st period - Stopped by Jimmy Howard without a rebound.
15:36 of 1st period - Sidney Crosby wins face-off versus Peter Regin in Blackhawks zone.
16:11 of 1st period - Snap shot by Derick Brassard.
16:11 of 1st period - Stopped by Mikael Tellqvist without a rebound.
16:12 of 1st period - Sidney Crosby wins face-off versus Derick Brassard in Canadiens zone.
16:37 of 1st period - Maxim Kondratiev is hit by Tomas Fleischmann and loses puck.
16:44 of 1st period - Snap shot by Jarome Iginla.
16:44 of 1st period - Stopped by Mikael Tellqvist without a rebound.
16:45 of 1st period - Peter Regin wins face-off versus Joe Pavelski in Canadiens zone.
17:04 of 1st period - Dave Tanabe is hit by Sidney Crosby.
17:40 of 1st period - Wrist shot by Ryan Johansen.
17:40 of 1st period - Stopped by Mikael Tellqvist without a rebound.
17:41 of 1st period - Sidney Crosby wins face-off versus Ryan Johansen in Canadiens zone.
18:08 of 1st period - Antoine Roussel is hit by David Jones and loses puck.
18:19 of 1st period - Backhand shot by Brett Maclean.
18:19 of 1st period - Stopped by Jimmy Howard without a rebound.
18:20 of 1st period - Peter Regin wins face-off versus Sidney Crosby in Blackhawks zone.
18:22 of 1st period - Minor Penalty to Tomas Fleischmann for High sticking.
18:23 of 1st period - Patrick Kane wins face-off versus Sidney Crosby in Blackhawks zone.
18:23 of 1st period - Patrick Kane is hit by Patrick Sharp.
18:58 of 1st period - Off-side.
18:59 of 1st period - Jarome Iginla wins face-off versus Jason Spezza in neutral zone.
19:02 of 1st period - Snap shot by Antoine Roussel.
19:02 of 1st period - Stopped by Mikael Tellqvist with a rebound.
19:04 of 1st period - Slapshot by Ladislav Smid.
19:04 of 1st period - Stopped by Mikael Tellqvist with a rebound.
19:06 of 1st period - Snap shot by Jarome Iginla.
19:06 of 1st period - Stopped by Mikael Tellqvist without a rebound.
19:07 of 1st period - Jason Spezza wins face-off versus Jarome Iginla in Canadiens zone.
19:14 of 1st period - Slapshot by Luke Schenn.
19:14 of 1st period - Shot Misses the Net.
19:16 of 1st period - Snap shot by Jiri Tlusty.
19:16 of 1st period - Stopped by Jimmy Howard without a rebound.
19:17 of 1st period - Sidney Crosby wins face-off versus Patrick Kane in Blackhawks zone.
19:40 of 1st period - Minor Penalty to Patrick Kane for Tripping.
19:41 of 1st period - Ryan Johansen wins face-off versus Sidney Crosby in Blackhawks zone.
19:58 of 1st period - Wrist shot by Sidney Crosby.
19:58 of 1st period - Stopped by Jimmy Howard with a rebound.
Goals for this period are 0 for Blackhawks vs 0 for Canadiens.
Shots for this period are 16 for Blackhawks vs 9 for Canadiens.
2nd period
0:01 of 2nd period - Sidney Crosby wins face-off versus Ryan Johansen in neutral zone.
0:14 of 2nd period - Snap shot by Joe Pavelski.
0:14 of 2nd period - Stopped by Jimmy Howard with a rebound.
0:16 of 2nd period - Wrist shot by Sidney Crosby.
0:16 of 2nd period - Deflect By Joe Pavelski.
0:16 of 2nd period - Shot Blocked by Mike Green.
0:16 of 2nd period - Puck is out of play.
0:17 of 2nd period - Ryan Johansen wins face-off versus Greg Stewart in Blackhawks zone.
0:22 of 2nd period - Penalty to Tomas Fleischmann is over, Tomas Fleischmann is back on ice.
0:24 of 2nd period - Snap shot by Jason Spezza.
0:24 of 2nd period - Stopped by Jimmy Howard with a rebound.
0:26 of 2nd period - Snap shot by Greg Stewart.
0:26 of 2nd period - Stopped by Jimmy Howard with a rebound.
0:46 of 2nd period - Ladislav Smid is hit by Jason Spezza and loses puck.
1:06 of 2nd period - Icing by Vitaly Vishnevsky.
1:07 of 2nd period - Kyle Brodziak wins face-off versus Jason Spezza in Canadiens zone.
1:32 of 2nd period - Joe Pavelski is hit by Kyle Brodziak and loses puck.
1:40 of 2nd period - Penalty to Patrick Kane is over, Patrick Kane is back on ice.
1:54 of 2nd period - Mike Green is hit by David Jones and loses puck.
2:23 of 2nd period - Derick Brassard is hit by Kurt Sauer and loses puck.
2:34 of 2nd period - Patrick Kane is hit by Brett Maclean and loses puck.
3:47 of 2nd period - Jason Spezza is hit by Chad Larose and loses puck.
4:14 of 2nd period - Wrist shot by Andrew Ebbett.
4:14 of 2nd period - Stopped by Jimmy Howard with a rebound.
4:49 of 2nd period - Peter Regin is hit by Dustin Boyd and loses puck.
5:19 of 2nd period - Wrist shot by Tomas Fleischmann.
5:19 of 2nd period - Deflect By Luke Schenn.
5:19 of 2nd period - Shot Blocked by Jason Spezza.
5:19 of 2nd period - Puck is out of play.
5:20 of 2nd period - Derick Brassard wins face-off versus Sidney Crosby in Canadiens zone.
6:06 of 2nd period - Wrist shot by Tyler Kennedy.
6:06 of 2nd period - Goal by Tyler Kennedy - Blackhawks : 1 - Canadiens : 0.
6:07 of 2nd period - Derick Brassard wins face-off versus Sidney Crosby in neutral zone.
6:07 of 2nd period - Derick Brassard is hit by Sidney Crosby.
6:10 of 2nd period - Minor Penalty to Joe Pavelski for Hooking.
6:11 of 2nd period - Derick Brassard wins face-off versus Jason Spezza in Canadiens zone.
6:16 of 2nd period - Wrist shot by Derick Brassard.
6:16 of 2nd period - Shot Misses the Net.
6:44 of 2nd period - Jason Spezza is hit by Ladislav Smid and loses puck.
7:01 of 2nd period - Snap shot by Andrew Ebbett.
7:01 of 2nd period - Shot Misses the Net.
7:03 of 2nd period - Slapshot by David Jones.
7:03 of 2nd period - Shot Misses the Net.
8:09 of 2nd period - Greg Stewart is hit by Peter Regin and loses puck.
8:10 of 2nd period - Penalty to Joe Pavelski is over, Joe Pavelski is back on ice.
9:53 of 2nd period - Off-side.
9:54 of 2nd period - Tomas Fleischmann wins face-off versus Jason Spezza in neutral zone.
10:19 of 2nd period - Dave Tanabe is hit by Maxim Kondratiev and loses puck.
10:59 of 2nd period - Snap shot by Evgeny Dadonov.
10:59 of 2nd period - Stopped by Jimmy Howard without a rebound.
11:00 of 2nd period - Andrew Ebbett wins face-off versus Kyle Brodziak in Blackhawks zone.
11:25 of 2nd period - Denis Grebeshkov is hit by Kurt Sauer and loses puck.
11:55 of 2nd period - Patrick Kane is hit by Maxim Kondratiev and loses puck.
12:37 of 2nd period - Sidney Crosby is hit by Chad Larose and loses puck.
12:54 of 2nd period - Sidney Crosby is hit by Tyler Kennedy.
13:18 of 2nd period - Wrist shot by Jarome Iginla.
13:18 of 2nd period - Shot Misses the Net.
13:20 of 2nd period - Slapshot by Denis Grebeshkov.
13:20 of 2nd period - Shot Misses the Net.
13:35 of 2nd period - Snap shot by Maxim Kondratiev.
13:35 of 2nd period - Shot Blocked by Denis Grebeshkov.
13:37 of 2nd period - Snap shot by Brett Maclean.
13:37 of 2nd period - Shot Misses the Net.
13:39 of 2nd period - Snap shot by Maxim Kondratiev.
13:39 of 2nd period - Stopped by Jimmy Howard with a rebound.
13:41 of 2nd period - Wrist shot by Dennis Wideman.
13:41 of 2nd period - Stopped by Jimmy Howard with a rebound.
13:43 of 2nd period - Snap shot by Dennis Wideman.
13:43 of 2nd period - Shot Misses the Net.
14:22 of 2nd period - Snap shot by Evgeny Dadonov.
14:22 of 2nd period - Shot Misses the Net.
14:30 of 2nd period - Minor Penalty to Nick Spaling for Holding.
14:31 of 2nd period - Peter Regin wins face-off versus Jason Spezza in Canadiens zone.
16:30 of 2nd period - Penalty to Nick Spaling is over, Nick Spaling is back on ice.
16:55 of 2nd period - Snap shot by Taylor Pyatt.
16:55 of 2nd period - Shot Misses the Net.
18:29 of 2nd period - Minor Penalty to Patrick Sharp for Hooking.
18:30 of 2nd period - Jason Spezza wins face-off versus Derick Brassard in Canadiens zone.
18:42 of 2nd period - Wes O'Neill is hit by Mike Green and loses puck.
19:26 of 2nd period - Icing by Jarome Iginla.
19:27 of 2nd period - David Jones wins face-off versus Peter Regin in Blackhawks zone.
Goals for this period are 1 for Blackhawks vs 0 for Canadiens.
Shots for this period are 1 for Blackhawks vs 7 for Canadiens.
3rd period
0:01 of 3rd period - Greg Stewart wins face-off versus Derick Brassard in neutral zone.
0:08 of 3rd period - Snap shot by Jason Spezza.
0:08 of 3rd period - Shot Misses the Net.
0:26 of 3rd period - Tomas Fleischmann is hit by David Jones and loses puck.
0:29 of 3rd period - Penalty to Patrick Sharp is over, Patrick Sharp is back on ice.
0:53 of 3rd period - Maxim Kondratiev is hit by Tomas Fleischmann and loses puck.
0:58 of 3rd period - Slapshot by Jarome Iginla.
0:58 of 3rd period - Shot Misses the Net.
1:00 of 3rd period - Slapshot by Kevin Marshall.
1:00 of 3rd period - Shot Blocked by David Jones.
1:02 of 3rd period - Wrist shot by Jarome Iginla.
1:02 of 3rd period - Shot Blocked by David Jones.
1:04 of 3rd period - Snap shot by Kevin Marshall.
1:04 of 3rd period - Shot Blocked by Maxim Kondratiev.
1:06 of 3rd period - Slapshot by Kevin Marshall.
1:06 of 3rd period - Shot Misses the Net.
1:08 of 3rd period - Slapshot by Dave Tanabe.
1:08 of 3rd period - Shot Blocked by David Jones.
1:20 of 3rd period - David Jones is hit by Peter Regin and loses puck.
1:40 of 3rd period - Icing by Mike Green.
1:41 of 3rd period - Sidney Crosby wins face-off versus Jarome Iginla in Blackhawks zone.
1:48 of 3rd period - Slapshot by Joe Pavelski.
1:48 of 3rd period - Goal by Joe Pavelski - Blackhawks : 1 - Canadiens : 1.
1:49 of 3rd period - Sidney Crosby wins face-off versus Derick Brassard in neutral zone.
2:05 of 3rd period - Wrist shot by Patrick Kane.
2:05 of 3rd period - Shot Blocked by Greg Stewart.
2:08 of 3rd period - Icing by Vitaly Vishnevsky.
2:09 of 3rd period - Ryan Johansen wins face-off versus Sidney Crosby in Canadiens zone.
3:23 of 3rd period - Off-side.
3:24 of 3rd period - Peter Regin wins face-off versus Andrew Ebbett in neutral zone.
3:29 of 3rd period - Slapshot by Kevin Marshall.
3:29 of 3rd period - Shot Blocked by Nick Spaling.
3:37 of 3rd period - Snap shot by Luke Schenn.
3:37 of 3rd period - Stopped by Jimmy Howard with a rebound.
3:39 of 3rd period - Slapshot by Luke Schenn.
3:39 of 3rd period - Stopped by Jimmy Howard with a rebound.
3:54 of 3rd period - Snap shot by Derick Brassard.
3:54 of 3rd period - Stopped by Mikael Tellqvist without a rebound.
3:55 of 3rd period - Sidney Crosby wins face-off versus Derick Brassard in Canadiens zone.
4:40 of 3rd period - Minor Penalty to Antoine Roussel for Holding.
4:41 of 3rd period - Derick Brassard wins face-off versus Joe Pavelski in Blackhawks zone.
6:15 of 3rd period - Vitaly Vishnevsky is hit by Derick Brassard and loses puck.
6:40 of 3rd period - Penalty to Antoine Roussel is over, Antoine Roussel is back on ice.
7:05 of 3rd period - Snap shot by Antoine Roussel.
7:05 of 3rd period - Stopped by Mikael Tellqvist without a rebound.
7:06 of 3rd period - Peter Regin wins face-off versus Andrew Ebbett in Canadiens zone.
7:58 of 3rd period - Joe Pavelski is hit by Kevin Marshall and loses puck.
8:51 of 3rd period - Icing by Jason Spezza.
8:52 of 3rd period - Jason Spezza wins face-off versus Peter Regin in Canadiens zone.
9:03 of 3rd period - Snap shot by Jason Spezza.
9:03 of 3rd period - Stopped by Jimmy Howard without a rebound.
9:04 of 3rd period - Derick Brassard wins face-off versus Sidney Crosby in Blackhawks zone.
9:04 of 3rd period - Derick Brassard is hit by Sidney Crosby.
9:38 of 3rd period - Slapshot by Tomas Fleischmann.
9:38 of 3rd period - Shot Blocked by Kurt Sauer.
9:40 of 3rd period - Wrist shot by Jarome Iginla.
9:40 of 3rd period - Goal by Jarome Iginla - Blackhawks : 2 - Canadiens : 1.
9:41 of 3rd period - Derick Brassard wins face-off versus Sidney Crosby in neutral zone.
10:12 of 3rd period - Snap shot by Vitaly Vishnevsky.
10:12 of 3rd period - Deflect By Peter Regin.
10:12 of 3rd period - Stopped by Jimmy Howard with a rebound.
10:14 of 3rd period - Snap shot by Jiri Tlusty.
10:14 of 3rd period - Deflect By Patrick Sharp.
10:14 of 3rd period - Stopped by Jimmy Howard without a rebound.
10:15 of 3rd period - Sidney Crosby wins face-off versus Peter Regin in Blackhawks zone.
10:16 of 3rd period - Slapshot by Greg Stewart.
10:16 of 3rd period - Shot Blocked by Denis Grebeshkov.
10:40 of 3rd period - Greg Stewart is hit by Jaden Schwartz and loses puck.
11:04 of 3rd period - Minor Penalty to Derick Brassard for Boarding.
11:05 of 3rd period - Patrick Kane wins face-off versus Jason Spezza in Blackhawks zone.
11:20 of 3rd period - Wrist shot by Patrick Kane.
11:20 of 3rd period - Stopped by Mikael Tellqvist without a rebound.
11:21 of 3rd period - Joe Pavelski wins face-off versus Patrick Kane in Canadiens zone.
11:32 of 3rd period - Slapshot by Luke Schenn.
11:32 of 3rd period - Deflect By Sidney Crosby.
11:32 of 3rd period - Shot Misses the Net.
11:32 of 3rd period - Puck is out of play.
11:33 of 3rd period - Sidney Crosby wins face-off versus Patrick Kane in Blackhawks zone.
11:49 of 3rd period - Slapshot by Joe Pavelski.
11:49 of 3rd period - Goal by Joe Pavelski - Blackhawks : 2 - Canadiens : 2.
11:50 of 3rd period - Derick Brassard wins face-off versus Greg Stewart in neutral zone.
12:03 of 3rd period - Snap shot by Derick Brassard.
12:03 of 3rd period - Deflect By Patrick Kane.
12:03 of 3rd period - Shot Misses the Net.
12:03 of 3rd period - Puck is out of play.
12:04 of 3rd period - Sidney Crosby wins face-off versus Derick Brassard in Canadiens zone.
12:31 of 3rd period - Luke Schenn is hit by Jaden Schwartz and loses puck.
12:35 of 3rd period - Icing by Kurt Sauer.
12:36 of 3rd period - Sidney Crosby wins face-off versus Ryan Johansen in Canadiens zone.
12:36 of 3rd period - Sidney Crosby is hit by Denis Grebeshkov.
12:46 of 3rd period - Wrist shot by Joe Pavelski.
12:46 of 3rd period - Stopped by Jimmy Howard without a rebound.
12:47 of 3rd period - Derick Brassard wins face-off versus Jason Spezza in Blackhawks zone.
12:47 of 3rd period - Derick Brassard is hit by Jason Spezza.
13:15 of 3rd period - Wrist shot by Dustin Boyd.
13:15 of 3rd period - Shot Misses the Net.
13:17 of 3rd period - Wrist shot by Dustin Boyd.
13:17 of 3rd period - Stopped by Jimmy Howard with a rebound.
13:19 of 3rd period - Wrist shot by Vitaly Vishnevsky.
13:19 of 3rd period - Deflect By Tomas Fleischmann.
13:19 of 3rd period - Stopped by Jimmy Howard with a rebound.
13:21 of 3rd period - Slapshot by Vitaly Vishnevsky.
13:21 of 3rd period - Deflect By Brett Maclean.
13:21 of 3rd period - Goal by Brett Maclean - Blackhawks : 2 - Canadiens : 3.
13:22 of 3rd period - Sidney Crosby wins face-off versus Derick Brassard in neutral zone.
13:27 of 3rd period - Slapshot by Greg Stewart.
13:27 of 3rd period - Deflect By Mike Green.
13:27 of 3rd period - Stopped by Jimmy Howard without a rebound.
13:28 of 3rd period - Sidney Crosby wins face-off versus Derick Brassard in Blackhawks zone.
13:29 of 3rd period - Snap shot by Greg Stewart.
13:29 of 3rd period - Stopped by Jimmy Howard with a rebound.
14:11 of 3rd period - Minor Penalty to Tomas Fleischmann for Holding.
14:12 of 3rd period - Sidney Crosby wins face-off versus Patrick Kane in Blackhawks zone.
14:13 of 3rd period - Slapshot by Joe Pavelski.
14:13 of 3rd period - Stopped by Jimmy Howard with a rebound.
15:20 of 3rd period - Ladislav Smid is hit by Luke Schenn and loses puck.
16:11 of 3rd period - Penalty to Tomas Fleischmann is over, Tomas Fleischmann is back on ice.
16:22 of 3rd period - Joni Pitkanen is hit by Wes O'Neill and loses puck.
16:30 of 3rd period - Minor Penalty to David Jones for Tripping.
16:31 of 3rd period - Derick Brassard wins face-off versus Jason Spezza in Canadiens zone.
16:31 of 3rd period - Snap shot by Antoine Roussel.
16:31 of 3rd period - Stopped by Mikael Tellqvist without a rebound.
16:32 of 3rd period - Jason Spezza wins face-off versus Derick Brassard in Canadiens zone.
16:32 of 3rd period - Jason Spezza is hit by Patrick Kane.
16:40 of 3rd period - Minor Penalty to Antoine Roussel for Hooking.
16:41 of 3rd period - Patrick Kane wins face-off versus Sidney Crosby in Blackhawks zone.
16:48 of 3rd period - Sidney Crosby is hit by Joni Pitkanen and loses puck.
17:53 of 3rd period - Taylor Pyatt is hit by Vitaly Vishnevsky and loses puck.
18:00 of 3rd period - Snap shot by Dustin Boyd.
18:00 of 3rd period - Stopped by Jimmy Howard without a rebound.
18:01 of 3rd period - Sidney Crosby wins face-off versus Patrick Kane in Blackhawks zone.
18:30 of 3rd period - Penalty to David Jones is over, David Jones is back on ice.
18:40 of 3rd period - Penalty to Antoine Roussel is over, Antoine Roussel is back on ice.
18:49 of 3rd period - Off-side.
18:50 of 3rd period - Bruce Boudreau call a timeout for Blackhawks.
18:50 of 3rd period - Derick Brassard wins face-off versus Jason Spezza in neutral zone.
18:53 of 3rd period - Blackhawks, Jimmy Howard is pulled from the net.
19:11 of 3rd period - Wrist shot by Joe Pavelski.
19:11 of 3rd period - Goal by Joe Pavelski - Blackhawks : 2 - Canadiens : 4.
19:11 of 3rd period - Jimmy Howard from Blackhawks was sent back in the game.
19:12 of 3rd period - Dustin Boyd wins face-off versus Ryan Johansen in neutral zone.
19:12 of 3rd period - Luke Schenn is hit by Jaden Schwartz and loses puck.
19:13 of 3rd period - Luke Schenn from Canadiens is injured at 19:13 of 3rd period (Torso).
19:14 of 3rd period - Ryan Johansen wins face-off versus Dustin Boyd in neutral zone.
Goals for this period are 1 for Blackhawks vs 4 for Canadiens.
Shots for this period are 5 for Blackhawks vs 16 for Canadiens.
Back to the Top